 Dungeon Crawl Stone Soup version 0.21.1-1-g345015fe64 (webtiles) character file.

497 Oravi the Insei (level 7, -1/48 HPs)
             Began as a Merfolk Transmuter on Apr 10, 2018.
             Slain by Sigmund
             ... wielding a +0 scythe
              (10 damage)
             ... on level 4 of the Dungeon.
             The game lasted 00:16:17 (4706 turns).

Oravi the Insei (Merfolk Transmuter)                Turns: 4706, Time: 00:16:17

Health: -1/48      AC:  2    Str: 10    XL:     7   Next: 15%
Magic:  3/10       EV: 23    Int: 14    God:
Gold:   254        SH:  0    Dex: 20    Spells: 4/10 levels left

rFire    . . .     SeeInvis .     - Unarmed
rCold    . . .     Gourm    .   (shield currently unavailable)
rNeg     . . .     Faith    .   (armour currently unavailable)
rPois    x         Spirit   .   (helmet currently unavailable)
rElec    .         Reflect  .   (cloak currently unavailable)
rCorr    .         Harm     .   (gloves currently unavailable)
MR       +....                  (boots currently unavailable)
Stlth    ++........             (no amulet)
HPRegen  0.16/turn              k - ring of protection from magic
MPRegen  0.12/turn              (no ring)

@: spider-form (expiring)
A: tiny, (change form in water), (swift swim), (stealthy swim)
a: End Transformation


You were on level 4 of the Dungeon.
You were hungry.
You were a venomous arachnid creature.
You visited 1 branch of the dungeon, and saw 4 of its levels.

You collected 254 gold pieces.

Inventory:

Missiles
 a - 48 arrows
Armour
 b - a +0 robe (melded)
 e - a +0 cloak (melded)
 g - a +0 pair of gloves (melded)
Jewellery
 k - a ring of protection from magic (left front leg)
Wands
 q - a wand of enslavement (15)
Scrolls
 f - a scroll of magic mapping {unknown}
 i - 2 scrolls of teleportation
 j - a scroll of enchant weapon
 l - a scroll of fear
 n - 2 scrolls of amnesia
 t - a scroll of identify
Potions
 m - a potion of might
 o - a potion of cancellation
 p - a potion of haste {unknown}
 r - a potion of heal wounds
 s - a potion of brilliance {unknown}
Books
 c - a book of Changes

   Spells                             Type                      Level
   a - Beastly Appendage              Transmutation                1
   b - Sticks to Snakes               Transmutation                2
   c - Spider Form                    Transmutation/Poison         3
   d - Ice Form                       Ice/Transmutation            4
   e - Blade Hands                    Transmutation                5
Comestibles
 d - 6 rations
 h - a chunk of flesh


   Skills:
 + Level 1.5 Fighting
 + Level 4.3 Dodging
 + Level 5.9 Unarmed Combat
 - Level 2.0 Spellcasting
 * Level 5.6 Transmutations
 * Level 3.1 Poison Magic


You had 4 spell levels left.
You knew the following spells:

 Your Spells              Type           Power        Failure   Level  Hunger
a - Beastly Appendage     Tmut           ###...       9%          1    ##.....
b - Sticks to Snakes      Tmut           ###.....     12%         2    ###....
c - Spider Form           Tmut/Pois      ##........   28%         3    ####...


Dungeon Overview and Level Annotations

Branches:
Dungeon (4/15)
 Temple: D:4-7

Altars:
Uskayaw
Zin

Annotations:
D:4 Sigmund


Message History

Confirm with . or Enter, or press ? or * to list all spells.
You turn into a venomous arachnid creature.
Your +0 cloak melds into your body.
Your +0 pair of gloves melds into your body.
Your +0 robe melds into your body.
You miss something. Something closely misses you.
You hit something but do no damage.
You hear the slow rusting of a distant drain.
You hear some strange, mumbled words.
Something tries to affect you, but you resist.
You hit something but do no damage.
Your transformation is almost over.
Something misses you.
You miss something. You closely miss something. Something hits you!
* * * LOW HITPOINT WARNING * * *
You hit something. You hit something but do no damage.
Something completely misses you.
You hit something. Something hits you!
You die...

.....# .##### ..# #####
.## #...# ### ##.#.# ..#
##..#.## #.#
#..##..#####
#.###.####.....#########
...............Ss.......
##.##.#########S{#######
...##......# ##.†...#
.#.........# #####..#
...#.......# #..#
##.........# ....
#.##<.....# .....
#.##.###### ..... #.##.#
..{.


You could see a friendly adder and a friendly ball python.

Vanquished Creatures
  The ghost of Fymir27 the Chiller, an amateur NaIE (D:3)
  2 jellies
  Jessica (D:2)
  Ijyb (D:3)
  Terence (D:2)
  4 gnolls
  11 adders
  A shadow imp (D:4)
  8 oozes (D:2)
  A worm (D:3)
  3 dart slugs
  7 leopard geckos
  6 orcs
  8 bats
  5 giant cockroaches
  4 goblins
  4 hobgoblins
  4 jackals (D:3)
  14 kobolds
  A quokka (D:1)
  2 ball pythons
  A frilled lizard (D:1)
  8 rats
98 creatures vanquished.

Vanquished Creatures (others)
  8 toadstools (D:2)
8 creatures vanquished.

Grand Total: 106 creatures vanquished

Notes
Turn   | Place    | Note
-------+----------+-------------------------------------------
     0 | D:1      | Oravi the Merfolk Transmuter began the quest for the Orb.
     0 | D:1      | Reached XP level 1. HP: 15/15 MP: 3/3
   220 | D:1      | Reached XP level 2. HP: 11/21 MP: 5/5
   802 | D:1      | Reached XP level 3. HP: 25/26 MP: 4/6
   806 | D:1      | Learned a level 2 spell: Sticks to Snakes
   810 | D:1      | Learned a level 3 spell: Spider Form
  1327 | D:2      | Reached skill level 1 in Poison Magic
  1327 | D:2      | Reached XP level 4. HP: 32/32 MP: 1/7
  1584 | D:2      | Found a hide-covered altar of Uskayaw.
  1585 | D:2      | Found a glowing silver altar of Zin.
  2332 | D:2      | Noticed Terence
  2345 | D:2      | Killed Terence
  2345 | D:2      | Reached XP level 5. HP: 25/37 MP: 2/8
  2740 | D:2      | Reached skill level 5 in Unarmed Combat
  2769 | D:2      | Noticed Jessica
  2775 | D:2      | Killed Jessica
  2874 | D:2      | Reached XP level 6. HP: 39/43 MP: 4/9
  3394 | D:3      | Noticed Fymir27's ghost (amateur NaIE)
  3829 | D:3      | Killed Fymir27's ghost
  3829 | D:3      | Reached skill level 5 in Transmutations
  4045 | D:3      | Reached XP level 7. HP: 44/48 MP: 7/10
  4189 | D:3      | Noticed Ijyb
  4199 | D:3      | Killed Ijyb
  4680 | D:4      | Noticed Sigmund
  4706 | D:4      | Slain by Sigmund

Skill      XL: |  1  2  3  4  5  6  7 |
---------------+----------------------+-----
Unarmed Combat | 4 5 |  5.9
Transmutations | 3 4 5 |  5.6
Dodging        | 3 4 |  4.3
Poison Magic   | 1 2 3 |  3.1
Fighting       | |  1.5
Spellcasting   | |  2.0

Action                   |  1- 3 |  4- 6 |  7- 9 || total
-------------------------+-------+-------+-------++-------
Melee: Unarmed           |    80 |   202 |    56 ||   338
       Headbutt          |     8 |     6 |     1 ||    15
       Punch             |       |     4 |       ||     4
 Cast: Beastly Appendage |    15 |    14 |     3 ||    32
       Spider Form       |     2 |    20 |     5 ||    27
       Sticks to Snakes  |       |     3 |     2 ||     5
  Use: Potion            |       |     3 |       ||     3
       Scroll            |       |     6 |     2 ||     8
 Stab: Distracted        |       |     1 |       ||     1
  Eat: Chunk             |     2 |     9 |     2 ||    13
       Ration            |       |     1 |       ||     1
Armor: Robe              |    19 |    15 |     3 ||    37
       Skin              |       |     3 |       ||     3
Dodge: Dodged            |    61 |   150 |    36 ||   247
